 Dungeon Crawl Stone Soup version 0.31-a0-167-g1c394c0614 (webtiles) character file.

Game seed: 6903103888492429702

91005 qw the Warrior (level 16, -2/112 HPs)
             Began as a Gargoyle Hunter on June 14, 2023.
             Was an Elder of Okawaru.
             Slain by a troll (13 damage)
             ... on level 2 of the Orcish Mines.
             The game lasted 00:11:23 (20943 turns).

qw the Warrior (Gargoyle Hunter)                   Turns: 20943, Time: 00:11:23

Health: -2/112     AC: 29    Str: 12    XL:     16   Next: 2%
Magic:  21/23      EV: 25    Int: 12    God:    Okawaru [****..]
Gold:   1704       SH:  5    Dex: 25    Spells: 15/15 levels left

rFire   + . .        Y - +1 orcbow (freeze)
rCold   + . .        (shield currently unavailable)
rNeg    + + +        C - +1 acid dragon scales
rPois   inf          u - +2 hat of Submission {rF+ rC+}
rElec   +            v - -1 cloak of the Buccaneer {*Corrode rN++ Str-3 Slay+5}
rCorr   +            (no gloves)
SInv    .            k - +2 pair of boots
Will    +++..        w - amulet of reflection
Stlth   +++          a - +6 ring of dexterity
HPRegen 0.38/turn    b - ring of willpower
MPRegen 0.18/turn

%: corrode self (3%), reflection
@: heroic, flying
A: sickness immunity, AC +12, big wings, negative energy resistance 1,
electricity resistance, torment resistance 1, petrification resistance, horns 1,
strong-willed 1
a: Renounce Religion, Heroism, Finesse


You were on level 2 of the Orcish Mines.
You worshipped Okawaru.
Okawaru was greatly pleased with you.
You visited 4 branches of the dungeon, and saw 23 of its levels.

You collected 1824 gold pieces.
You spent 120 gold pieces at shops.


Innate Abilities, Weirdness & Mutations

You are immune to sickness and miasma.
Your stone body is resilient. (AC +12)
You are immune to poison.
Your large and strong wings let you fly.
You resist negative energy. (rN+)
You are resistant to electric shocks. (rElec)
You are resistant to unholy torment.
You are immune to petrification.
You have a pair of small horns on your head.
You are strong-willed. (Will+)


   Skills:
 - Level 17.0(22.0) Fighting
 - Level 16.0(21.0) Ranged Weapons
 - Level 10.0(15.0) Armour
 + Level 10.9(15.9) Dodging
 - Level 1.1(6.1) Stealth
 - Level 10.0 Invocations


You had 15 spell levels left.
You didn't know any spells.
Your spell library was empty.

Inventory:

Hand Weapons
 Y - a +1 orcbow of freezing (weapon)
Armour
 h - a +2 robe of cold resistance
 k - a +2 pair of boots (worn)
 n - a +0 hat of see invisible
 o - a +2 robe of fire resistance
 t - the -2 cloak "Nowin" {Harm +Blink Will- rCorr}
   (You acquired it on level 9 of the Dungeon)

   +Blink:    It lets you blink.
   rCorr:     It protects you from acid and corrosion.
   Harm:      It increases damage dealt and taken.
   Will:      It decreases your willpower.
 u - the +2 hat of Submission (worn) {rF+ rC+}
   (Okawaru gifted it to you on level 1 of the Lair of Beasts)

   rF:        It protects you from fire.
   rC:        It protects you from cold.
 v - the -1 cloak of the Buccaneer (worn) {*Corrode rN++ Str-3 Slay+5}
   (Okawaru gifted it to you on level 3 of the Lair of Beasts)

   Str:       It affects your strength (-3).
   Slay:      It affects your accuracy & damage with ranged weapons and melee
   (+5).
   rN:        It greatly protects you from negative energy.
   *Corrode:  It may corrode you when you take damage.
 A - a +0 cloak of willpower
 C - +1 acid dragon scales (worn)
Jewellery
 a - a +6 ring of dexterity (left hand)
 b - a ring of willpower (right hand)
 j - a ring of protection from fire
 l - a ring of resist corrosion
 q - a ring of positive energy
 w - an amulet of reflection (around neck)
Wands
 r - a wand of digging (10)
Scrolls
 i - 11 scrolls of identify
Potions
 c - 3 potions of haste
 d - 2 potions of attraction
 e - 2 potions of magic
 f - 3 potions of mutation
 g - a potion of resistance
 m - 5 potions of curing
 s - 2 potions of lignification
 z - a potion of cancellation

Dungeon Overview and Level Annotations

Branches:
Dungeon (15/15)            Temple (1/1) D:4            Lair (5/5) D:9
 Shoals (0/4) Lair:2        Snake (0/4) Lair:3        Slime (0/5) Lair:4
    Orc (2/2) D:10         Vaults (0/5) D:13         Depths (0/4) D:15
    Elf: Orc:2

Altars:
Ashenzari
Cheibriados
Dithmenos
Elyvilon
Fedhas
Gozag
Hepliaklqana
Kikubaaqudgha
Makhleb
Nemelex Xobeh
Okawaru
Qazlal
Ru
Sif Muna
Trog
Uskayaw
Vehumet
Wu Jian
Xom
Yredelemnul
Zin
The Shining One
Jiyva
Lugonu

Shops:
D:2 =   D:14 *   D:15 (

Portals:
Abyss: Lair:3 Lair:5
Trove: D:12 (give +4 ice dragon scales)

Annotations:
D:9 1 runed translucent door, qw's ghost, novice NaHu
Lair:3 2 transporters, qw's ghost, journeyman GrHu


Message History

The arrow freezes the orc knight.
The orc knight is almost dead.
An orc comes into view. It is wielding a +0 short sword.
You shoot an arrow.
The arrow hits the orc knight but does no damage.
The orc knight is almost dead.
The orc sorcerer casts a spell.
The orc priest calls upon Beogh to heal the orc knight.
The orc knight is healed somewhat.
You hear a shout!
An orc warrior comes into view.
It is wielding a +0 war axe of flaming and wearing a +1 plate armour of cold resistance.
You shoot an arrow.
The arrow hits the orc knight but does no damage.
The orc knight is almost dead.
Your surroundings seem slightly different.
An ogre, 2 orc warriors and an orc come into view.
An orc warrior is wielding a +2 flail of holy wrath.
You feel like a meek peon again.
The orc warrior shouts!
The orc knight closely misses you. The orc priest completely misses you.
20940 ||| INVOKING Heroism.
You gain the combat prowess of a mighty hero.
You block the warg's attack. You block the orc priest's attack.
You shoot an arrow. The orc shouts!
The arrow hits the orc knight.
The arrow freezes the orc knight.
The orc knight is almost dead.
You block the warg's attack. The orc knight closely misses you.
You shoot an arrow.
The arrow hits the orc knight but does no damage.
The orc knight is almost dead.
The warg bites you! The orc hits you but does no damage.
You block the orc priest's attack.
An orc comes into view. It is wielding a +0 trident.
You shoot an arrow. The arrow hits the orc knight.
The arrow freezes the orc knight.
The orc knight is almost dead.
The warg bites you but does no damage. The orc hits you but does no damage.
The orc knight completely misses you. The troll bites you!
You die...

## ######.##
##.#..... #
#.......
#.###.....# #
..........## #.##
#..........##....#
#.%.$.....o....#.
....#....h@.......
. ..$...oooT.o....
.......o..T.......
...#.....4..)o.O..
#. ........oo.....
. ........)...o#..
............... .
...........o..


You could see an orc knight, a hellwing (summoned), 2 trolls, a warg, an orc
sorcerer, 3 orc warriors, an ogre, an orc priest and 5 orcs.

Vanquished Creatures
  Saint Roka (Orc:2)
  Gastronok (Lair:1)
  Kirke (Lair:5)
  An ironbound preserver (D:13)
  A fire dragon (D:15)
  An ice dragon (D:15)
  An ogre mage (D:11)
  8 hydras
  6 two-headed ogres
  Erica (D:8)
  6 centaur warriors
  5 boulder beetles
  4 death yaks (Lair:4)
  3 tengu warriors
  2 thrashing horrors (Lair:5)
  2 skysharks (Lair:5)
  An orc high priest (Orc:1)
  A wizard (D:9)
  A lindwurm (Lair:2)
  2 orc knights
  A manticore (D:13)
  4 cyclopes
  14 ugly things
  2 black mambas
  11 elephants (Lair:5)
  A gargoyle (D:10)
  8 cane toads
  A molten gargoyle (Lair:4)
  2 smoke demons (Lair:5)
  A cane toad (shapeshifter) (D:13)
  A kobold demonologist (D:12)
  2 unseen horrors (D:11)
  2 freezing wraiths
  6 rime drakes
  9 komodo dragons
  A yaktaur (shapeshifter) (D:13)
  An efreet (D:15)
  4 large abominations (Lair:5)
  5 trolls
  2 ancient zymes (Lair:5)
  3 polar bears
  38 blink frogs
  4 dream sheep (Lair:3)
  A raiju (shapeshifter) (Lair:5)
  11 slime creatures
  2 shadows
  13 wyverns
  2 vampires (D:13)
  2 spriggans (Lair:5)
  3 wraiths
  2 ynoxinuls (Lair:5)
  A human (Lair:5)
  35 yaks
  Grum (D:11)
  9 basilisks
  5 hogs (Lair:5)
  Eustachio (D:5)
  3 steam dragons
  10 vampire mosquitoes
  A chaos spawn (Lair:5)
  A two-headed ogre zombie (D:10)
  3 wargs
  4 acid dragons
  16 water moccasins
  12 small abominations (Lair:5)
  16 orc warriors
  A sky beast (D:7)
  2 black bears
  An ice beast (D:8)
  3 ogres
  18 wolves
  4 boggarts (D:15)
  16 centaurs
  3 phantoms
  5 kobold brigands
  13 bullfrogs
  2 gnoll sergeants
  4 scorpions
  17 wights
  3 troll zombies (D:10)
  12 killer bees
  2 howler monkeys
  A lava snake (Lair:4)
  4 hounds
  7 orc priests
  A jelly (D:6)
  A gnoll bouda (D:9)
  A sleepcap (D:8)
  9 hell rats
  3 iguanas
  8 orc wizards
  4 ogre zombies (D:10)
  21 gnolls
  9 adders
  3 shadow imps
  3 worms
  2 dart slugs
  53 orcs
  6 ball pythons
  2 bats
  5 endoplasms
  5 giant cockroaches
  8 hobgoblins
  6 jackals (D:3)
  22 kobolds
  6 quokkas
  3 training dummies (D:15)
  2 frilled lizards (D:2)
  6 goblins
  2 goblin skeletons (D:10)
  4 goblin zombies (D:10)
  2 hobgoblin skeletons (D:10)
  5 hobgoblin zombies (D:10)
  An orc skeleton (D:10)
  11 orc zombies (D:10)
  5 rats
663 creatures vanquished.

Vanquished Creatures (others)
  Maurice (D:13)
  An orc (Orc:1)
2 creatures vanquished.

Grand Total: 665 creatures vanquished

Notes
Turn   | Place    | Note
-------+----------+-------------------------------------------
     0 | D:1      | qw the Gargoyle Hunter began the quest for the Orb.
     0 | D:1      | Reached XP level 1. HP: 12/12 MP: 1/1
     0 | D:1      | 0 ||| qw: Version: 0.2-a-29-g1fa15c8
     0 | D:1      | 0 ||| qw: Game counter: 5118
     0 | D:1      | 0 ||| qw: Always use a shield: true
     0 | D:1      | 0 ||| qw: God list: Okawaru
     0 | D:1      | 0 ||| qw: Allow faded altars: false
     0 | D:1      | 0 ||| qw: Do Orc after D:15 true
     0 | D:1      | 0 ||| qw: Do second Lair branch before Depths: true
     0 | D:1      | 0 ||| qw: Lair rune preference: random
     0 | D:1      | 0 ||| qw: Plans: Normal, Zot:1-4, Slime:5, God:TSO, Crypt,
                  | Tomb, Abyss, Pan, Hells, Win
     0 | D:1      | 0 ||| PLANNING D:1-11
   125 | D:1      | Reached XP level 2. HP: 17/17 MP: 2/2
   621 | D:1      | 621 ||| READING scroll labelled KONLIBBOGE QOM.
   621 | D:1      | Identified a scroll of acquirement
   621 | D:1      | 621 ||| ACQUIRING +6 ring of dexterity
   621 | D:1      | Acquired a +6 ring of dexterity
   623 | D:1      | 623 ||| UPGRADING to +6 ring of dexterity.
   624 | D:1      | 624 ||| DRINKING 3 red potions.
   625 | D:1      | 625 ||| DROPPING scroll of butterflies.
   649 | D:2      | Reached XP level 3. HP: 21/21 MP: 3/3
   740 | D:2      | Found a faded altar of an unknown god.
   787 | D:2      | Reached skill level 3 in Fighting
   787 | D:2      | Reached XP level 4. HP: 28/28 MP: 4/4
   815 | D:2      | You fall into a shaft and drop 2 floors!
   824 | D:4      | Noticed a phantom
   830 | D:4      | Found a radiant altar of Vehumet.
   837 | D:4      | Killed a phantom
   838 | D:4      | Reached XP level 5. HP: 18/32 MP: 5/5
   843 | D:4      | Reached skill level 6 in Ranged Weapons
   890 | D:4      | 890 ||| UPGRADING to +0 ring mail.
   900 | D:4      | 900 ||| DROPPING +0 leather armour.
   901 | D:4      | 901 ||| UPGRADING to +0 pair of boots.
   906 | D:4      | 906 ||| UPGRADING to ring of willpower.
   907 | D:4      | 907 ||| UPGRADING to ring of protection from fire.
   909 | D:4      | 909 ||| READING scroll labelled GECOS SATURRO.
   956 | D:4      | Found a staircase to the Ecumenical Temple.
   957 | D:4      | 957 ||| PLANNING TEMPLE
   993 | Temple   | Entered the Ecumenical Temple
  1138 | Temple   | 1138 ||| PLANNING D:1-11
  1183 | D:4      | Reached skill level 1 in Armour
  1267 | D:4      | 1267 ||| READING scroll labelled EROOGIUSOR.
  1268 | D:4      | 1268 ||| READING scroll labelled PAATUR QYNOAKH.
  1466 | D:2      | Found Cofaujog's Jewellery Emporium.
  1472 | D:2      | 1472 ||| SHOPLISTING +4 ring of protection (396 gold, have
                  | 65).
  1472 | D:2      | 1472 ||| SHOPLISTING amulet "Istreil" {Reflect Fragile
                  | Int+6 SH+5} (484 gold, have 65).
  1472 | D:2      | 1472 ||| SHOPLISTING amulet of faith (440 gold, have 65).
  1472 | D:2      | 1472 ||| SHOPLISTING ring of Xocik {Fly rPois rF+++ rCorr
                  | MP-9} (558 gold, have 65).
  1472 | D:2      | 1472 ||| SHOPLISTING ring of protection from cold (275
                  | gold, have 65).
  1472 | D:2      | 1472 ||| SHOPLISTING ring of resist corrosion (220 gold,
                  | have 65).
  1779 | D:2      | 1779 ||| DRINKING 3 fuming red potions.
  2033 | D:3      | Reached XP level 6. HP: 38/38 MP: 6/6
  2042 | D:3      | Reached skill level 4 in Fighting
  2179 | D:3      | Found an opulent altar of Gozag.
  2592 | D:3      | 2592 ||| UPGRADING to +0 helmet.
  3098 | D:4      | 3098 ||| UPGRADING to +2 robe of fire resistance.
  3108 | D:4      | 3108 ||| DROPPING +0 ring mail.
  3109 | D:4      | 3109 ||| UPGRADING to ring of willpower.
  3111 | D:4      | 3111 ||| DRINKING 2 viscous brown potions.
  3132 | D:5      | Entered Level 5 of the Dungeon
  3286 | D:5      | Noticed Eustachio
  3315 | D:5      | 3315 ||| Stepping ~*~*~tactically~*~*~ (outnumbered).
  3323 | D:5      | HP: 7/38 [river rat[Eustachio] (8)]
  3324 | D:5      | 3324 ||| READING scroll of teleportation.
  3326 | D:5      | Killed Eustachio
  3327 | D:5      | Reached XP level 7. HP: 9/43 MP: 7/7
  3576 | D:5      | Found an ornate altar of the Wu Jian Council.
  3605 | D:5      | Found a sparkling altar of Nemelex Xobeh.
  3606 | D:5      | Found a shimmering altar of Xom.
  3703 | D:5      | Found an iron altar of Okawaru.
  3704 | D:5      | 3704 ||| PLANNING OKAWARU WORSHIP
  3704 | D:5      | 3704 ||| READING 3 scrolls labelled DOTEGH DUNYEM.
  3705 | D:5      | 3705 ||| READING 2 scrolls of identify.
  3705 | D:5      | 3705 ||| IDENTIFYING dark potion
  3710 | D:5      | Became a worshipper of Warmaster Okawaru
  3711 | D:5      | 3711 ||| PLANNING D:1-11
  3870 | D:5      | Found a blossoming altar of Fedhas.
  3872 | D:5      | Found an ancient bone altar of Kikubaaqudgha.
  3975 | D:6      | 3975 ||| STAIRDANCE
  4036 | D:6      | 4036 ||| FLEEEEING.
  4037 | D:6      | 4037 ||| FLEEEEING.
  4038 | D:6      | 4038 ||| FLEEEEING.
  4040 | D:6      | 4040 ||| FLEEEEING.
  4041 | D:6      | 4041 ||| FLEEEEING.
  4042 | D:6      | 4042 ||| FLEEEEING.
  4043 | D:6      | 4043 ||| FLEEEEING.
  4045 | D:6      | 4045 ||| FLEEEEING.
  4046 | D:6      | 4046 ||| FLEEEEING.
  4047 | D:6      | 4047 ||| FLEEEEING.
  4049 | D:6      | 4049 ||| FLEEEEING.
  4050 | D:6      | 4050 ||| FLEEEEING.
  4051 | D:6      | 4051 ||| FLEEEEING.
  4052 | D:6      | 4052 ||| FLEEEEING.
  4053 | D:6      | 4053 ||| FLEEEEING.
  4055 | D:6      | 4055 ||| FLEEEEING.
  4057 | D:6      | 4057 ||| FLEEEEING.
  4058 | D:6      | 4058 ||| STAIRDANCE
  4153 | D:6      | 4153 ||| READING scroll of enchant weapon.
  4153 | D:6      | 4153 ||| ENCHANTING +1 shortbow.
  4196 | D:6      | Reached skill level 5 in Fighting
  4201 | D:6      | 4201 ||| READING 3 scrolls labelled AKKIPT FOMAD.
  4202 | D:6      | 4202 ||| READING 2 scrolls of enchant armour.
  4202 | D:6      | 4202 ||| ENCHANTING +0 helmet.
  4203 | D:6      | 4203 ||| READING scroll of enchant armour.
  4203 | D:6      | 4203 ||| ENCHANTING +1 helmet.
  4211 | D:6      | 4211 ||| STAIRDANCE
  4364 | D:6      | Reached XP level 8. HP: 49/49 MP: 8/8
  4526 | D:6      | Reached * piety under Okawaru
  4580 | D:6      | 4580 ||| INVOKING Heroism.
  4588 | D:6      | Reached skill level 9 in Ranged Weapons
  4718 | D:6      | 4718 ||| READING scroll labelled BOXAKAPS DAREO.
  4719 | D:6      | 4719 ||| DRINKING 2 viscous cyan potions.
  4719 | D:6      | Gained mutation: You are strong-willed. (Will+) [potion of
                  | mutation]
  4719 | D:6      | Gained mutation: You have a pair of small horns on your
                  | head. [potion of mutation]
  4720 | D:6      | 4720 ||| DROPPING +2 helmet.
  4721 | D:6      | 4721 ||| DRINKING 2 clear potions.
  4722 | D:6      | 4722 ||| READING 3 scrolls of identify.
  4722 | D:6      | 4722 ||| IDENTIFYING black potion
  4723 | D:6      | 4723 ||| DROPPING potion of invisibility.
  4766 | D:7      | Found a stormy altar of Qazlal.
  4776 | D:7      | Reached skill level 1 in Invocations
  4781 | D:7      | Reached skill level 3 in Dodging
  4804 | D:7      | 4804 ||| INVOKING Heroism.
  4912 | D:7      | Found a basalt altar of Yredelemnul.
  4963 | D:7      | 4963 ||| READING scroll of acquirement.
  4963 | D:7      | 4963 ||| ACQUIRING +5 shortbow of freezing
  4963 | D:7      | Acquired a +5 shortbow of freezing
  4965 | D:7      | 4965 ||| UPGRADING to +5 shortbow of freezing.
  4966 | D:7      | 4966 ||| DROPPING +2 shortbow.
  4981 | D:7      | 4981 ||| INVOKING Heroism.
  4987 | D:7      | Reached skill level 6 in Fighting
  4987 | D:7      | Reached skill level 3 in Invocations
  5545 | D:7      | 5545 ||| READING scroll labelled TIVEFF LOIF.
  5546 | D:7      | 5546 ||| READING 3 scrolls labelled HUBISI KAYGOOLL.
  5547 | D:7      | 5547 ||| DROPPING 2 scrolls of fog.
  5550 | D:8      | Noticed Erica
  5551 | D:8      | 5551 ||| INVOKING Heroism.
  5560 | D:8      | Killed Erica
  5560 | D:8      | Reached ** piety under Okawaru
  5561 | D:8      | Reached XP level 9. HP: 39/55 MP: 8/13
  5863 | D:8      | 5863 ||| READING scroll of acquirement.
  5863 | D:8      | 5863 ||| ACQUIRING ring of positive energy
  5863 | D:8      | Acquired a ring of positive energy
  5979 | D:8      | 5979 ||| FLEEEEING.
  5980 | D:8      | 5980 ||| FLEEEEING.
  5981 | D:8      | 5981 ||| FLEEEEING.
  5982 | D:8      | 5982 ||| FLEEEEING.
  6071 | D:8      | 6071 ||| INVOKING Heroism.
  6151 | D:8      | 6151 ||| Stepping ~*~*~tactically~*~*~ (outnumbered).
  6258 | D:8      | 6258 ||| READING scroll of enchant armour.
  6258 | D:8      | 6258 ||| ENCHANTING +0 pair of boots.
  6283 | D:8      | 6283 ||| INVOKING Heroism.
  6291 | D:8      | Reached skill level 7 in Fighting
  6682 | D:8      | 6682 ||| READING 3 scrolls of identify.
  6682 | D:8      | 6682 ||| IDENTIFYING emerald potion
  6683 | D:8      | 6683 ||| DROPPING potion of enlightenment.
  6731 | D:9      | Reached XP level 10. HP: 59/63 MP: 14/14
  6740 | D:9      | 6740 ||| INVOKING Heroism.
  6883 | D:9      | Reached skill level 8 in Fighting
  6927 | D:9      | 6927 ||| READING scroll of enchant armour.
  6927 | D:9      | 6927 ||| ENCHANTING +1 pair of boots.
  6935 | D:9      | Found a staircase to the Lair.
  6936 | D:9      | 6936 ||| INVOKING Heroism.
  6995 | D:9      | Noticed qw's ghost (novice NaHu)
  7005 | D:9      | Found a runed translucent door.
  7030 | D:9      | Reached *** piety under Okawaru
  7031 | D:9      | Reached skill level 12 in Ranged Weapons
  7038 | D:9      | 7038 ||| INVOKING Heroism.
  7195 | D:9      | 7195 ||| INVOKING Heroism.
  7274 | D:9      | 7274 ||| INVOKING Heroism.
  7521 | D:9      | 7521 ||| READING scroll of acquirement.
  7521 | D:9      | 7521 ||| ACQUIRING -2 cloak "Nowin" {Harm +Blink Will-
                  | rCorr}
  7521 | D:9      | Acquired the -2 cloak "Nowin" {Harm +Blink Will- rCorr}
  7566 | D:9      | 7566 ||| INVOKING Heroism.
  7602 | D:9      | 7602 ||| INVOKING Heroism.
  7617 | D:9      | Noticed a centaur warrior
  7623 | D:9      | Killed a centaur warrior
  7624 | D:9      | Reached XP level 11. HP: 44/68 MP: 15/15
  7626 | D:9      | Noticed a two-headed ogre
  7631 | D:9      | Noticed a green ugly thing
  7633 | D:9      | Killed a two-headed ogre
  7637 | D:9      | 7637 ||| INVOKING Heroism.
  7640 | D:9      | Noticed a wizard
  7642 | D:9      | Killed a green ugly thing
  7643 | D:9      | Reached skill level 9 in Fighting
  7644 | D:9      | 7644 ||| Stepping ~*~*~tactically~*~*~ (outnumbered).
  7654 | D:9      | Noticed a cyclops
  7655 | D:9      | Killed a wizard
  7655 | D:9      | Reached **** piety under Okawaru
  7659 | D:9      | 7659 ||| INVOKING Heroism.
  7660 | D:9      | Noticed a cyclops
  7669 | D:9      | Killed a cyclops
  7677 | D:9      | Killed a cyclops
  8022 | D:9      | 8022 ||| DROPPING +6 ring of intelligence.
  8023 | D:9      | 8023 ||| PLANNING LAIR
  8023 | D:9      | 8023 ||| DRINKING 2 metallic brown potions.
  8024 | D:9      | 8024 ||| READING 3 scrolls of identify.
  8024 | D:9      | 8024 ||| IDENTIFYING purple potion
  8025 | D:9      | 8025 ||| READING 2 scrolls of identify.
  8025 | D:9      | 8025 ||| IDENTIFYING smoky golden potion
  8026 | D:9      | 8026 ||| DROPPING potion of brilliance.
  8056 | Lair:1   | Entered Level 1 of the Lair of Beasts
  8059 | Lair:1   | 8059 ||| Stepping ~*~*~tactically~*~*~ (water).
  8065 | Lair:1   | Reached skill level 6 in Invocations
  8105 | Lair:1   | Noticed Gastronok
  8106 | Lair:1   | 8106 ||| INVOKING Heroism.
  8127 | Lair:1   | Reached ***** piety under Okawaru
  8133 | Lair:1   | HP: 7/71 [Gastronok (15)]
  8134 | Lair:1   | 8134 ||| DRINKING potion of heal wounds.
  8138 | Lair:1   | Killed Gastronok
  8189 | Lair:1   | 8189 ||| INVOKING Heroism.
  8307 | Lair:1   | 8307 ||| INVOKING Heroism.
  8318 | Lair:1   | Reached skill level 6 in Dodging
  8332 | Lair:1   | Identified the +2 hat of Submission {rF+ rC+} (Okawaru
                  | gifted it to you on level 1 of the Lair of Beasts)
  8332 | Lair:1   | Received a gift from Okawaru
  8446 | Lair:1   | 8446 ||| INVOKING Heroism.
  8617 | Lair:1   | 8617 ||| INVOKING Heroism.
  8622 | Lair:1   | Reached XP level 12. HP: 76/76 MP: 14/18
  8683 | Lair:1   | 8683 ||| INVOKING Heroism.
  8964 | Lair:1   | 8964 ||| UPGRADING to +0 hat of see invisible.
  8969 | Lair:1   | 8969 ||| UPGRADING to +2 hat of Submission {rF+ rC+}.
  8979 | Lair:1   | 8979 ||| UPGRADING to +0 steam dragon scales.
  8989 | Lair:1   | 8989 ||| READING scroll labelled ESSURO ZAENURIO.
  9080 | Lair:2   | Found a staircase to the Shoals.
  9152 | Lair:2   | Reached skill level 3 in Armour
  9237 | Lair:2   | 9237 ||| INVOKING Heroism.
  9258 | Lair:2   | Reached skill level 10 in Fighting
  9260 | Lair:2   | Reached skill level 9 in Invocations
  9369 | Lair:2   | 9369 ||| INVOKING Heroism.
  9889 | Lair:2   | 9889 ||| READING scroll labelled HECVAU VISUSI.
  9890 | Lair:2   | 9890 ||| READING scroll labelled CEAWIG EXYASK.
  9944 | Lair:3   | 9944 ||| INVOKING Heroism.
  9982 | Lair:3   | Found a staircase to the Snake Pit.
 10031 | Lair:3   | Noticed a thrashing horror
 10049 | Lair:3   | Found a transporter.
 10060 | Lair:3   | Found a one-way gate to the infinite horrors of the Abyss.
 10060 | Lair:3   | Noticed qw's ghost (journeyman GrHu)
 10266 | Lair:3   | 10266 ||| INVOKING Heroism.
 10342 | Lair:3   | Found a transporter.
 10378 | Lair:3   | 10378 ||| INVOKING Heroism.
 10411 | Lair:3   | Reached skill level 11 in Fighting
 10725 | Lair:3   | Identified the -1 cloak of the Buccaneer {*Corrode rN++
                  | Str-3 Slay+5} (Okawaru gifted it to you on level 3 of the
                  | Lair of Beasts)
 10725 | Lair:3   | Received a gift from Okawaru
 10897 | Lair:3   | 10897 ||| UPGRADING to -1 cloak of the Buccaneer {*Corrode
                  | rN++ Str-3 Slay+5}.
 10991 | Lair:4   | 10991 ||| INVOKING Heroism.
 11004 | Lair:4   | Reached XP level 13. HP: 84/84 MP: 18/20
 11090 | Lair:4   | 11090 ||| INVOKING Heroism.
 11099 | Lair:4   | Reached skill level 12 in Fighting
 11198 | Lair:4   | 11198 ||| INVOKING Heroism.
 11199 | Lair:4   | 11199 ||| INVOKING Finesse.
 11348 | Lair:4   | 11348 ||| INVOKING Heroism.
 11391 | Lair:4   | 11391 ||| INVOKING Heroism.
 11421 | Lair:4   | You fall into a shaft and drop 1 floor!
 11421 | Lair:5   | Entered Level 5 of the Lair of Beasts
 11427 | Lair:5   | Reached skill level 6 in Armour
 11431 | Lair:5   | 11431 ||| INVOKING Heroism.
 11470 | Lair:5   | HP: 13/87 [small abomination (10)]
 11471 | Lair:5   | 11471 ||| READING 2 scrolls of teleportation.
 11472 | Lair:5   | 11472 ||| DRINKING 2 potions of heal wounds.
 11474 | Lair:5   | 11474 ||| DRINKING potion of heal wounds.
 11484 | Lair:5   | Reached skill level 13 in Fighting
 11750 | Lair:4   | 11750 ||| INVOKING Heroism.
 11890 | Lair:4   | Found a staircase to the Slime Pits.
 11891 | Lair:4   | Found a viscous altar of Jiyva.
 12093 | Lair:4   | 12093 ||| INVOKING Heroism.
 12220 | Lair:5   | Reached skill level 9 in Dodging
 12223 | Lair:5   | 12223 ||| INVOKING Heroism.
 12249 | Lair:5   | 12249 ||| INVOKING Heroism.
 12403 | Lair:5   | 12403 ||| FLEEEEING.
 12404 | Lair:5   | 12404 ||| FLEEEEING.
 12405 | Lair:5   | 12405 ||| FLEEEEING.
 12484 | Lair:5   | 12484 ||| INVOKING Heroism.
 12492 | Lair:5   | Reached skill level 14 in Fighting
 12566 | Lair:5   | 12566 ||| INVOKING Heroism.
 12590 | Lair:5   | 12590 ||| UPGRADING to amulet of the acrobat.
 12625 | Lair:5   | Gained mutation: Your large and strong wings let you fly.
                  | [Gargoyle growth]
 12625 | Lair:5   | Reached XP level 14. HP: 96/96 MP: 21/21
 12641 | Lair:5   | Noticed Kirke
 12642 | Lair:5   | 12642 ||| INVOKING Heroism.
 12661 | Lair:5   | Killed Kirke
 12661 | Lair:5   | Received a gift from Okawaru
 12955 | Lair:5   | 12955 ||| INVOKING Heroism.
 13011 | Lair:5   | 13011 ||| READING scroll labelled TIGOBRAGUF.
 13041 | Lair:5   | 13041 ||| INVOKING Heroism.
 13103 | Lair:5   | 13103 ||| INVOKING Heroism.
 13115 | Lair:5   | 13115 ||| FLEEEEING.
 13116 | Lair:5   | 13116 ||| FLEEEEING.
 13117 | Lair:5   | 13117 ||| FLEEEEING.
 13118 | Lair:5   | 13118 ||| FLEEEEING.
 13119 | Lair:5   | 13119 ||| FLEEEEING.
 13120 | Lair:5   | 13120 ||| FLEEEEING.
 13121 | Lair:5   | 13121 ||| FLEEEEING.
 13122 | Lair:5   | 13122 ||| FLEEEEING.
 13123 | Lair:5   | 13123 ||| FLEEEEING.
 13124 | Lair:5   | 13124 ||| FLEEEEING.
 13145 | Lair:5   | 13145 ||| FLEEEEING.
 13150 | Lair:5   | 13150 ||| STAIRDANCE
 13257 | Lair:4   | 13257 ||| READING 5 scrolls of identify.
 13257 | Lair:4   | 13257 ||| IDENTIFYING yellow potion
 13258 | Lair:4   | 13258 ||| READING 4 scrolls of identify.
 13258 | Lair:4   | 13258 ||| IDENTIFYING glowing silvery potion
 13259 | Lair:4   | 13259 ||| DROPPING potion of degeneration.
 13404 | Lair:5   | Reached skill level 15 in Fighting
 13408 | Lair:5   | Identified the +1 robe of Heigat {rPois rC+ rN+} (Okawaru
                  | gifted it to you on level 5 of the Lair of Beasts)
 13408 | Lair:5   | Received a gift from Okawaru
 13426 | Lair:5   | 13426 ||| INVOKING Heroism.
 13436 | Lair:5   | 13436 ||| FLEEEEING.
 13437 | Lair:5   | 13437 ||| FLEEEEING.
 13438 | Lair:5   | 13438 ||| FLEEEEING.
 13439 | Lair:5   | 13439 ||| FLEEEEING.
 13440 | Lair:5   | 13440 ||| FLEEEEING.
 13441 | Lair:5   | 13441 ||| FLEEEEING.
 13826 | Lair:5   | Found a corrupted altar of Lugonu.
 14163 | Lair:5   | 14163 ||| PLANNING D:1-11
 14163 | Lair:5   | 14163 ||| DROPPING +1 robe of Heigat {rPois rC+ rN+}.
 14272 | D:10     | Entered Level 10 of the Dungeon
 14374 | D:10     | Found a staircase to the Orcish Mines.
 14423 | D:10     | Reached skill level 16 in Fighting
 14500 | D:10     | 14500 ||| INVOKING Heroism.
 14501 | D:10     | 14501 ||| INVOKING Finesse.
 14503 | D:10     | 14503 ||| UPGRADING to +0 orcbow.
 14504 | D:10     | 14504 ||| DROPPING +5 shortbow of freezing.
 15228 | D:11     | 15228 ||| Stepping randomly (disturbance).
 15229 | D:11     | 15229 ||| Stepping randomly (disturbance).
 15238 | D:11     | 15238 ||| Stepping randomly (disturbance).
 15239 | D:11     | 15239 ||| Stepping randomly (disturbance).
 15495 | D:11     | 15495 ||| READING scroll labelled SETITY UR HIUTTE.
 15515 | D:11     | 15515 ||| INVOKING Heroism.
 15593 | D:11     | 15593 ||| FLEEEEING.
 15699 | D:11     | 15699 ||| INVOKING Heroism.
 15721 | D:11     | Reached XP level 15. HP: 104/104 MP: 22/22
 15917 | D:11     | Noticed Grum
 15929 | D:11     | Killed Grum
 15933 | D:11     | Reached skill level 15 in Ranged Weapons
 15951 | D:11     | 15951 ||| PLANNING D
 15951 | D:11     | 15951 ||| READING scroll labelled XYEZXO VIONIA.
 16106 | D:12     | 16106 ||| Stepping ~*~*~tactically~*~*~ (outnumbered).
 16107 | D:12     | 16107 ||| Stepping ~*~*~tactically~*~*~ (outnumbered).
 16218 | D:12     | Found a portal to a secret trove of treasure.
 16606 | D:13     | Noticed Maurice
 16611 | D:13     | 16611 ||| STAIRDANCE
 16670 | D:13     | 16670 ||| STAIRDANCE
 16798 | D:13     | 16798 ||| STAIRDANCE
 16921 | D:13     | 16921 ||| STAIRDANCE
 17010 | D:13     | 17010 ||| STAIRDANCE
 17067 | D:13     | 17067 ||| STAIRDANCE
 17136 | D:13     | 17136 ||| STAIRDANCE
 17136 | D:13     | Killed Maurice
 17271 | D:13     | 17271 ||| INVOKING Heroism.
 17518 | D:13     | Received a gift from Okawaru
 17804 | D:13     | Found a gate to the Vaults.
 18006 | D:13     | Identified the +9 plate armour of the Unseen Realm {Harm
                  | rF- Dex+3}
 18019 | D:13     | 18019 ||| READING scroll of enchant weapon.
 18019 | D:13     | 18019 ||| ENCHANTING +0 orcbow of freezing.
 18102 | D:13     | 18102 ||| UPGRADING to +0 acid dragon scales.
 18112 | D:13     | 18112 ||| DROPPING amulet of guardian spirit.
 18113 | D:13     | 18113 ||| UPGRADING to amulet of reflection.
 18123 | D:13     | 18123 ||| DROPPING amulet of the acrobat.
 18124 | D:13     | 18124 ||| DROPPING amulet of regeneration.
 18220 | D:14     | Identified the +9 hand axe of Ydghon {freeze, Str+3 Int+4
                  | Dex-4}
 18268 | D:14     | Found Muil's General Store.
 18274 | D:14     | Identified the +0 ring mail of the Blue Moon {Contam rCorr
                  | Str+4 Stlth+} (Okawaru gifted it to you on level 14 of the
                  | Dungeon)
 18274 | D:14     | Received a gift from Okawaru
 18293 | D:14     | 18293 ||| INVOKING Heroism.
 18302 | D:14     | Reached skill level 9 in Armour
 18313 | D:14     | 18313 ||| INVOKING Heroism.
 18455 | D:14     | 18455 ||| BUYING scroll of enchant armour (120 gold).
 18455 | D:14     | Bought a scroll of enchant armour for 120 gold pieces
 18455 | D:14     | 18455 ||| READING scroll of enchant armour.
 18455 | D:14     | 18455 ||| ENCHANTING +0 acid dragon scales.
 18621 | D:14     | 18621 ||| FLEEEEING.
 18630 | D:14     | 18630 ||| FLEEEEING.
 18636 | D:14     | 18636 ||| STAIRDANCE
 18679 | D:13     | 18679 ||| DROPPING +0 steam dragon scales.
 18680 | D:13     | 18680 ||| DROPPING +0 ring mail of the Blue Moon {Contam
                  | rCorr Str+4 Stlth+}.
 18683 | D:14     | 18683 ||| INVOKING Heroism.
 19074 | D:15     | Entered Level 15 of the Dungeon
 19288 | D:15     | 19288 ||| INVOKING Heroism.
 19289 | D:15     | 19289 ||| INVOKING Finesse.
 19377 | D:15     | 19377 ||| INVOKING Finesse.
 19732 | D:15     | Found Woatwoal's Firing Range.
 19918 | D:15     | 19918 ||| INVOKING Heroism.
 20001 | D:15     | Found a staircase to the Depths.
 20097 | D:15     | 20097 ||| PLANNING ORC
 20188 | Orc:1    | Entered Level 1 of the Orcish Mines
 20191 | Orc:1    | 20191 ||| INVOKING Heroism.
 20228 | Orc:1    | 20228 ||| STAIRDANCE
 20232 | D:10     | 20232 ||| INVOKING Heroism.
 20424 | Orc:1    | 20424 ||| STAIRDANCE
 20477 | Orc:1    | 20477 ||| STAIRDANCE
 20568 | Orc:1    | 20568 ||| STAIRDANCE
 20724 | Orc:1    | Reached skill level 17 in Fighting
 20877 | Orc:2    | Entered Level 2 of the Orcish Mines
 20885 | Orc:2    | Noticed Saint Roka
 20886 | Orc:2    | 20886 ||| INVOKING Heroism.
 20907 | Orc:2    | 20907 ||| INVOKING Heroism.
 20912 | Orc:2    | HP: 25/107 [Saint Roka/divine providence (10)]
 20913 | Orc:2    | 20913 ||| READING 2 scrolls of teleportation.
 20913 | Orc:2    | HP: 11/107 [Saint Roka/divine providence (13)]
 20914 | Orc:2    | 20914 ||| DRINKING potion of heal wounds.
 20916 | Orc:2    | Killed Saint Roka
 20917 | Orc:2    | Reached XP level 16. HP: 20/112 MP: 21/23
 20933 | Orc:2    | 20933 ||| READING scroll of teleportation.
 20940 | Orc:2    | 20940 ||| INVOKING Heroism.
 20942 | Orc:2    | HP: 11/112 [warg (9)]
 20943 | Orc:2    | Slain by a troll

Levels and vault maps discovered:
D:1:      amcnicky_arrival_choice, layout_loops_ring
D:2:      layout_loops_ring, serial_shops, shop,
          hellmonk_ecumenical_altar_lost_god
D:3:      layout_loops_ring, mainiacjoe_overflow_chevrons
D:4:      layout_basic, fiery_altar_vehumet,
          minmay_temple_entry_statues_fountains, chequers_serial_rivers_micro_e,
          minmay_pentomino_pile
D:5:      layout_basic, nicolae_overflow_hidden_temple,
          mainiacjoe_overflow_paths, hellmonk_okawaru_the_only_friend_you_need,
          uniq_eustachio
D:6:      layout_basic
D:7:      layout_basic, yredelemnul_altar_generic, mainiacjoe_overflow_brackets
D:8:      layout_loops_corners, uniq_erica
D:9:      layout_basic, grunt_lair_entry_orc_guard_hut,
          hellmonk_ghost_happy_afterlife, nzn_random_ring
D:10:     layout_basic, zombieorc2_lemuel, minivault_5,
          nicolae_figureground_sparkle
D:11:     layout_roguey, minmay_mirror_moons_of_madness, uniq_grum
D:12:     layout_rooms, nicolae_trove_entry_crystal
D:13:     layout_roguey, skrybe_vaults_entry_preservation, uniq_maurice
D:14:     layout_rooms, serial_shops, nicolae_shop_tiny_waterfront,
          minmay_misc_feat_encased
D:15:     grunt_enter_depths_hoard, layout_cave_pods, minmay_misc_feat_enclosed,
          nicolae_shop_firing_range
Temple:   chequers_temple_sunken
Lair:1:   layout_small_grid, infiniplex_staircase_pool_2, grunt_megastairs_1,
          uniq_gastronok
Lair:2:   layout_roguey, elwin_shoals_entry_rocks, nicolae_lair_lindhole,
          serial_bayou_shore_b
Lair:3:   layout_loops_ring, dummy_snake_entry, gammafunk_ghost_abyssal_escape,
          chequers_serial_rivers_micro_c, grunt_megastairs_5
Lair:4:   layout_gridlike, slime_entry_1
Lair:5:   hellmonk_lair_end_abyssal_woods, layout_loops_ring, special_room
          [special_room_mythical_zoo], uniq_kirke
Orc:1:    layout_caves
Orc:2:    grunt_orc_tribal_feast, layout_caves, nicolae_alphabet_shops,
          uniq_saint_roka

Skill      XL: |  1  2  3  4  5  6  7  8  9 10 11 12 13 14 15 |
---------------+----------------------------------------------+-----
Ranged Weapons | 5 6 7 8 9 10 13 14 16 | 16.0
Fighting       | 3 4 5 6 7 8 9 11 14 16 17 | 17.0
Armour         | 1 5 6 8 10 | 10.0
Dodging        | 2 3 4 5 6 7 9 10 | 10.9
Invocations    | 5 8 10 | 10.0
Stealth        | |  1.1

Action                     |  1- 3 |  4- 6 |  7- 9 | 10-12 | 13-15 | 16-18 || total
---------------------------+-------+-------+-------+-------+-------+-------++-------
   Fire: Shortbow          |    86 |   195 |   324 |   618 |   723 |       ||  1946
         Orcbow            |       |       |       |       |   802 |    17 ||   819
 Invoke: Heroism           |       |       |     6 |    21 |    29 |     1 ||    57
         Finesse           |       |       |       |       |     4 |       ||     4
    Use: Scroll            |     1 |     4 |    14 |     7 |     9 |     1 ||    36
         Potion            |     1 |     2 |     2 |     2 |     3 |       ||    10
 Armour: Leather armour    |    15 |     9 |       |       |       |       ||    24
         Ring mail         |       |    24 |       |       |       |       ||    24
         Robe              |       |    10 |    45 |    44 |       |       ||    99
         Steam dragon scal |       |       |       |    28 |   159 |       ||   187
         Acid dragon scale |       |       |       |       |   116 |     3 ||   119
  Dodge: Dodged            |    13 |    78 |   117 |   225 |   767 |     5 ||  1205
  Block: Other             |       |       |       |       |    95 |     5 ||   100

Table legend:
 A = Non-vault XP
 B = Vault XP
 C = Vault XP percentage of total XP
 D = Non-vault monster count
 E = Vault monster count
 F = Vault count percentage of total count
                 A         B        C        D         E       F
            +---------+---------+-------+---------+---------+-------
      Total |   84069 |   45939 |  35.3 |     488 |     175 |  26.4
            +---------+---------+-------+---------+---------+-------
        D:1 |      32 |       0 |   0.0 |      19 |       0 |   0.0
        D:2 |      84 |       0 |   0.0 |      24 |       0 |   0.0
        D:3 |      59 |       0 |   0.0 |      22 |       0 |   0.0
        D:4 |     232 |       9 |   3.7 |      14 |       4 |  22.2
        D:5 |     199 |     188 |  48.6 |       8 |       1 |  11.1
        D:6 |     710 |       0 |   0.0 |      22 |       0 |   0.0
        D:7 |     832 |       0 |   0.0 |      19 |       0 |   0.0
        D:8 |    1436 |     831 |  36.7 |      26 |       1 |   3.7
        D:9 |    3128 |    5960 |  65.6 |      28 |      23 |  45.1
       D:10 |    3990 |     773 |  16.2 |      36 |      36 |  50.0
       D:11 |    1697 |    4583 |  73.0 |       7 |      12 |  63.2
       D:12 |    3920 |       0 |   0.0 |      24 |       0 |   0.0
       D:13 |    7887 |    4675 |  37.2 |      16 |      10 |  38.5
       D:14 |   11679 |       0 |   0.0 |      30 |       0 |   0.0
       D:15 |    4531 |    1783 |  28.2 |      17 |       5 |  22.7
     Lair:1 |    3343 |    2094 |  38.5 |      16 |       5 |  23.8
     Lair:2 |    3691 |     630 |  14.6 |      22 |       1 |   4.3
     Lair:3 |    6934 |     522 |   7.0 |      32 |       2 |   5.9
     Lair:4 |   10459 |       0 |   0.0 |      33 |       0 |   0.0
     Lair:5 |   15797 |   20496 |  56.5 |      38 |      72 |  65.5
      Orc:1 |    3208 |       0 |   0.0 |      27 |       0 |   0.0
      Orc:2 |     221 |    3395 |  93.9 |       8 |       3 |  27.3
            +---------+---------+-------+---------+---------+-------
